Map: Croisement de Kairos EC

Players

Sorandom - Winner!

  • Race: Terran Terran
  • League: Diamond
  • Spawn Location: 11:00

Mistaro

  • Race: Protoss Protoss
  • Spawn Location: 5:00

VOD

Have the link to the VOD?

Description

Time

  • Played on: April 5, 2019, 3:21 p.m.
  • Length: 13:58
Show
View Real Time Build Order
Export as new Build Order

Sorandom Terran - Winner!

Build Orders: Liberator Opening 

Get SALT Encoding   

  12  0:01  SCV  
  13  0:13  SCV  
  14  0:20  Supply Depot  
  14  0:26  SCV  
  15  0:42  SCV  
  16  0:44  Barracks  
  16  0:51  Refinery  
  16  0:54  SCV  
  17  1:06  SCV  
  18  1:18  SCV  
  19  1:37  Refinery  
  19  1:38  SCV  
  20  1:42  Supply Depot  
  20  1:50  SCV  
  20  1:54  Marine  
  21  1:55  Factory  
  22  2:02  SCV  
  23  2:13  Supply Depot  
  24  2:22  Orbital Command  
  23  2:38  Command Center  
  23  2:41  Factory Tech Lab  
  23  2:46  Starport  
  23  2:49  Supply Depot  
  23  3:11  Liberator  
  23  3:26  Siege Tank  
  28  3:42  Supply Depot  
  28  3:44  Refinery  
  28  3:51  Orbital Command  
  28  3:57  SCV  
  28  3:58  Siege Tank  
  32  4:08  Refinery  
  32  4:09  Supply Depot, SCV  
  33  4:13  Liberator  
  33  4:19  SCV  
  34  4:30  Siege Tank  
  40  4:31  SCV  
  40  4:35  SCV  
  42  4:43  SCV  
  43  4:47  SCV  
  43  4:48  Engineering Bay  
  44  4:55  SCV  
  44  4:56  Liberator  
  44  4:59  SCV  
  46  5:02  Siege Tank  
  49  5:08  SCV  
  53  5:20  SCV  
  54  5:26  Armory  
  54  5:32  SCV  
  54  5:34  Siege Tank  
  58  5:44  SCV  
  58  5:48  Command Center  
  59  5:50  Supply Depot  
  59  5:52  SCV  
  59  5:56  SCV  
  61  6:04  SCV  
  62  6:08  SCV  
  63  6:19  Terran Vehicle Weapons Level 1  
  63  6:23  Supply Depot  
  63  6:27  Thor  
  63  6:30  Starport Tech Lab  
  69  6:40  Missile Turret  
  69  6:45  Missile Turret  
  69  6:53  Factory  
  69  6:57  Starport  
  69  7:00  SCV x2, Fusion Core  
  71  7:10  Thor  
  71  7:12  SCV x2  
  82  7:17  Viking  
  81  7:24  SCV  
  81  7:25  SCV  
  81  7:26  Armory  
  81  7:28  Orbital Command  
  84  7:37  SCV  
  84  7:47  Viking  
  86  7:59  SCV x2  
  86  8:00  SCV  
  89  8:11  SCV x2  
  89  8:12  SCV  
  92  8:15  Thor  
  92  8:17  Viking  
  102  8:20  Factory Reactor  
  102  8:23  SCV  
  102  8:24  SCV  
  102  8:27  Starport Reactor  
  102  8:41  Starport  
  102  8:42  Advanced Ballistics  
  102  8:44  SCV x3  
  102  8:47  Refinery  
  105  8:49  Refinery  
  105  8:58  Command Center  
  105  9:00  Supply Depot x2  
  105  9:03  Terran Vehicle Weapons Level 2  
  105  9:05  Terran Vehicle And Ship Armor Level 1  
  105  9:08  SCV  
  106  9:20  SCV  
  106  9:21  Thor  
  106  9:22  Supply Depot  
  113  9:28  SCV  
  113  9:29  Liberator  
  114  9:31  SCV  
  114  9:33  SCV  
  116  9:40  Battlecruiser, SCV  
  116  9:43  SCV  
  116  9:44  Supply Depot  
  116  9:45  SCV  
  125  9:47  Factory Tech Lab  
  125  9:49  Starport Reactor  
  128  9:53  SCV  
  128  9:55  Command Center  
  129  10:04  Siege Tank  
  132  10:13  Supply Depot  
  132  10:15  SCV  
  132  10:16  Supply Depot, SCV x2  
  135  10:28  SCV x3  
  138  10:37  Supply Depot, Liberator  
  138  10:39  Supply Depot  
  138  10:40  SCV x3  
  141  10:48  Battlecruiser  
  141  10:49  Thor  
  147  10:51  Thor  
  147  10:52  SCV x3  
  147  10:56  Viking  
  167  11:02  Supply Depot  
  167  11:04  SCV  
  168  11:15  Planetary Fortress  
  168  11:16  SCV  
  168  11:17  Refinery  
  169  11:24  Supply Depot  
  169  11:47  Supply Depot  
  169  11:52  Supply Depot  
  161  12:14  Siege Tank  
  164  12:15  Siege Tank  
  167  12:26  Planetary Fortress  
  167  12:29  SCV x3  
  170  12:36  Supply Depot  
  170  12:42  Supply Depot  
  170  12:48  Viking  
  172  12:58  Viking, Siege Tank x2  
  180  13:00  Supply Depot  
  180  13:05  Supply Depot  
  186  13:13  Supply Depot  
Show
View Real Time Build Order
Export as new Build Order

Mistaro Protoss 

Build Orders: Blink Stalkers 

Get SALT Encoding   

  1  0:00  Probe  
  13  0:08  Probe  
  14  0:18  Pylon  
  14  0:23  Probe  
  15  0:36  Probe  
  15  0:42  Gateway  
  16  0:48  Probe  
  16  0:49  Assimilator  
  17  0:55  Assimilator  
  17  1:06  Gateway  
  17  1:08  Probe  
  18  1:16  Probe  
  18  1:24  Probe  
  19  1:31  Cybernetics Core  
  20  1:35  Probe  
  21  1:47  Probe  
  22  2:04  Nexus  
  22  2:07  Probe  
  22  2:15  Warp Gate  
  23  2:24  Pylon  
  23  2:30  Pylon  
  23  2:42  Probe  
  24  2:46  Robotics Facility  
  24  2:51  Twilight Council  
  24  2:54  Probe  
  25  3:04  Zealot  
  27  3:06  Probe  
  28  3:18  Probe  
  28  3:21  Probe  
  29  3:30  Probe  
  29  3:33  Probe  
  31  3:36  Observer  
  32  3:42  Probe  
  32  3:45  Probe  
  34  3:53  Probe  
  34  3:55  Probe  
  35  3:58  Immortal, Blink  
  35  4:01  Probe  
  40  4:07  Probe  
  40  4:09  Stalker  
  44  4:12  Pylon, Stalker  
  44  4:15  Pylon  
  46  4:17  Pylon  
  46  4:19  Probe  
  46  4:22  Probe  
  48  4:31  Probe  
  49  4:38  Probe  
  49  4:43  Probe  
  49  4:45  Stalker x2  
  53  4:49  Probe  
  56  4:55  Probe  
  56  4:57  Probe  
  57  5:05  Probe  
  57  5:07  Nexus, Probe  
  60  5:16  Stalker  
  60  5:17  Probe  
  60  5:19  Probe  
  60  5:20  Pylon  
  64  5:22  Pylon  
  64  5:29  Probe, Stalker  
  64  5:32  Probe  
  64  5:33  Gateway  
  68  5:39  Probe  
  69  5:45  Probe  
  69  5:47  Probe  
  70  5:55  Probe  
  70  5:56  Stalker x2  
  75  5:57  Probe  
  75  6:04  Gateway  
  77  6:06  Gateway  
  77  6:09  Probe  
  77  6:11  Assimilator  
  78  6:14  Assimilator  
  78  6:22  Stalker x2  
  82  6:36  Stalker  
  82  6:38  Observer  
  85  6:57  Probe x2  
  85  6:58  Probe  
  85  7:00  Assimilator  
  88  7:03  Assimilator  
  88  7:04  Stalker x2  
  88  7:05  Stalker  
  88  7:06  Stalker x2  
  98  7:22  Pylon  
  98  7:25  Pylon  
  98  7:27  Gateway  
  98  7:28  Gateway  
  98  7:30  Stalker x2  
  98  7:31  Stalker x2  
  98  7:32  Gateway, Stalker  
  108  7:40  Probe x2  
  108  7:43  Probe  
  111  7:48  Probe x2  
  111  7:55  Probe  
  111  7:57  Probe  
  114  7:59  Stalker  
  114  8:00  Stalker x2  
  114  8:01  Stalker  
  123  8:14  Cybernetics Core  
  123  8:16  Cybernetics Core  
  123  8:19  Pylon  
  123  8:20  Pylon  
  123  8:22  Pylon  
  123  8:23  Pylon  
  123  8:26  Stalker  
  123  8:27  Pylon  
  125  8:29  Pylon  
  125  9:04  Stalker  
  125  9:07  Stalker x2  
  125  9:08  Stalker x5  
  107  9:45  Stalker x3  
  109  9:46  Stalker x5  
  123  10:07  Gateway  
  123  10:09  Observer  
  123  10:10  Gateway  
  123  10:15  Gateway  
  124  10:26  Immortal  
  128  10:37  Forge, Protoss Air Weapons Level 1  
  128  10:39  Forge  
  128  10:54  Nexus  
  128  11:03  Stalker  
  128  11:04  Stalker x4  
  132  11:05  Immortal, Stalker x5  
  152  11:17  Stalker  
  134  11:44  Immortal  
  138  11:54  Stalker  
  140  11:55  Stalker  
  140  11:56  Stalker x2  
  140  11:57  Stalker x6  
  140  12:15  Stalker  
  142  12:17  Stalker  
  144  12:23  Immortal  
  148  12:36  Gateway  
  148  12:40  Gateway  
  148  12:41  Gateway, Stalker x2  
  148  12:43  Stalker x2  
  148  12:44  Stalker  
  158  12:45  Pylon, Stalker x2  
  158  12:48  Pylon  
  162  13:00  Probe  
  162  13:03  Probe x3  
  166  13:08  Probe  
  167  13:15  Probe x3  
  167  13:18  Probe  
  171  13:27  Probe x3  
  131  13:39  Probe  
Tags
 
Add a new tag
Caveats
  • Supply blocks, unpowered buildings, or Contaminate may cause inaccurate times.
  • Supply counts are checked every 10 seconds.